 Dungeon Crawl Stone Soup version 0.21-a0-215-g0631661 (webtiles) character file.

25 pokedragonboy the Magician (level 2, 12/15 HPs)
             Began as a Deep Elf Wizard on Aug 23, 2017.
             Quit the game on level 1 of the Dungeon.
             The game lasted 00:02:30 (579 turns).

pokedragonboy the Magician (Deep Elf Wizard)         Turns: 579, Time: 00:02:31

Health: 12/15      AC:  2    Str:  4    XL:     2   Next: 86%
Magic:  6/10       EV: 13    Int: 22    God:
Gold:   37         SH:  0    Dex: 13    Spells: 6/11 levels left

rFire    . . .     SeeInvis .   h - +0 club
rCold    . . .     Gourm    .   (no shield)
rNeg     . . .     Faith    .   a - +0 robe
rPois    .         Spirit   .   b - +0 hat
rElec    .         Reflect  .   (no cloak)
rCorr    .         Harm     .   (no gloves)
MR       .....                  (no boots)
Stlth    ++........             (no amulet)
HPRegen  0.05/turn              (no ring)
MPRegen  0.12/turn              (no ring)

@: no status effects
A: no striking features
a: no special abilities


You were on level 1 of the Dungeon.
You were not hungry.

You visited 1 branch of the dungeon, and saw 1 of its levels.

You collected 37 gold pieces.

Inventory:

Hand Weapons
 h - a +0 club (weapon)
Armour
 a - a +0 robe (worn)
 b - a +0 hat (worn)
Scrolls
 e - a scroll of enchant weapon {unknown}
 g - 2 scrolls of identify {unknown}
 i - a scroll of fear {unknown}
Books
 c - a book of Minor Magic

   Spells                             Type                      Level
   a - Magic Dart                     Conjuration                  1
   b - Blink                          Translocation                2
   c - Call Imp                       Summoning                    2
   d - Slow                           Hexes                        2
   e - Conjure Flame                  Conjuration/Fire             3
   f - Mephitic Cloud                 Conjuration/Poison/Air       3
Comestibles
 d - a bread ration
 f - 14 chunks of flesh


   Skills:
 - Level 2.4 Dodging
 - Level 2.4 Stealth
 + Level 5.0 Spellcasting
 * Level 2.5 Conjurations
 - Level 1.1 Summonings
 - Level 1.1 Translocations


You had 6 spell levels left.
You knew the following spells:

 Your Spells              Type           Power        Failure   Level  Hunger
a - Magic Dart            Conj           ###.         3%          1    None
b - Blink                 Tloc           N/A          10%         2    None
c - Call Imp              Summ           ##......     10%         2    None


Dungeon Overview and Level Annotations

Branches:
Dungeon (1/15)

Altars:


Message History

You butcher the hobgoblin corpse.
f - 12 chunks of flesh (gained 3)
You see here a jackal corpse.
You butcher the jackal corpse.
f - 14 chunks of flesh (gained 2)
You see here a leather armour.
Found a stone staircase leading down.
A goblin comes into view. It is wielding a dagger.
Casting: Magic Dart
Confirm with . or Enter, or press ? or * to list all spells.
Aiming: Magic Dart
Press: ? - help, Shift-Dir - straight line, f - goblin
Aim: a goblin, wielding a dagger (resting)
The magic dart hits the goblin.
You kill the goblin!
Casting: Magic Dart
Confirm with . or Enter, or press ? or * to list all spells.
You can't see any susceptible monsters within range! (Use Z to cast anyway.) Unknown command.
Are you sure you want to abandon this character and quit the game? (Confirm with "yes".)

#......>......#
#...##..
#.............#
#.. #..
#..............
#. #..
#..............
.....
#.............#
.....
######........#
.....
#........# ....
##.......# ....
#@......# ...
#.####### #..
#.## #.# #.#
... )..


There were no monsters in sight!

Vanquished Creatures
  A leopard gecko (D:1)
  3 giant cockroaches (D:1)
  2 goblins (D:1)
  4 hobgoblins (D:1)
  2 jackals (D:1)
  4 kobolds (D:1)
  3 bats (D:1)
  3 frilled lizards (D:1)
22 creatures vanquished.

Notes
Turn   | Place    | Note
-------+----------+-------------------------------------------
     0 | D:1      | pokedragonboy the Deep Elf Wizard began the quest for the Orb.
     0 | D:1      | Reached XP level 1. HP: 10/10 MP: 7/7
     2 | D:1      | Noticed a draconian
     2 | D:1      | Noticed a halfling
     4 | D:1      | Noticed a centaur
     6 | D:1      | Noticed an elf
     6 | D:1      | Noticed an ogre
     8 | D:1      | Noticed a troll
     8 | D:1      | Noticed an octopode
    10 | D:1      | Noticed a naga
    10 | D:1      | Noticed a ghoul
    12 | D:1      | Noticed a dwarf
    12 | D:1      | Noticed a spriggan
    14 | D:1      | Noticed a minotaur
    14 | D:1      | Noticed a tengu
    16 | D:1      | Noticed a human
    16 | D:1      | Noticed a gargoyle
    18 | D:1      | Noticed a felid
    18 | D:1      | Noticed a formicid
    20 | D:1      | Noticed a vampire
    20 | D:1      | Noticed a demigod
    22 | D:1      | Noticed a vine stalker
    24 | D:1      | Noticed a merfolk
    26 | D:1      | Noticed a demonspawn
   137 | D:1      | Reached XP level 2. HP: 15/15 MP: 1/9
   230 | D:1      | Reached skill level 5 in Spellcasting
   234 | D:1      | Learned a level 2 spell: Blink
   237 | D:1      | Learned a level 2 spell: Call Imp
   579 | D:1      | Quit the game

Vault maps used:
D:1:      kb_arrival_jail, roderic_nine_men_s_morris

Skill      XL: |  1  2 |
---------------+-------+-----
Spellcasting   | 5 |  5.0
Conjurations   | 2 |  2.5
Dodging        | |  2.4
Stealth        | |  2.4
Summonings     | |  1.1
Translocations | |  1.1

Action                   || total
-------------------------++-------
Melee: Club              ||    13
       Unarmed           ||     3
 Cast: Magic Dart        ||    45
       Call Imp          ||     3
       Blink             ||     1
Armor: Robe              ||     6
Dodge: Dodged            ||    21

Table legend:
 A = Spawn XP
 B = Non-spawn XP
 C = Spawn XP percentage of total XP
 D = Spawn monster count
 E = Non-spawn monster count
 F = Spawn count percentage of total count
 G = Total turns spent on level
                    A         B        C        D         E        F      G
               +---------+---------+-------+---------+---------+-------+---------
         Total |       2 |      35 |   5.4 |       2 |      20 |   9.1 |   579
               +---------+---------+-------+---------+---------+-------+---------
           D:1 |       2 |      35 |   5.4 |       2 |      20 |   9.1 |   579
               +---------+---------+-------+---------+---------+-------+---------
